 Dungeon Crawl Stone Soup version 0.28-a0-1435-g82390b3a13 (webtiles) character file.

Game seed: 17669723072688781855

1115 anonymouscript the Magician (level 8, -1/58 HPs)
             Began as a Pale Draconian Conjurer on Jan 9, 2022.
             Was an Elder of Cheibriados.
             Slain by a troll (9 damage)
             ... on level 6 of the Dungeon.
             The game lasted 00:41:18 (5202 turns).

anonymouscript the Magician (DrCj)                  Turns: 5202, Time: 00:41:21

Health: -1/58      AC:  6    Str: 18    XL:     8   Next: 12%
Magic:  7/16       EV: 14    Int: 29    God:    Cheibriados [****..]
Gold:   133        SH:  0    Dex: 20    Spells: 6/18 levels left

rFire   . . .      SeeInvis .     - Unarmed
rCold   + . .      Faith    .   o - orb {light}
rNeg    . . .      Spirit   .   (armour unavailable)
rPois   .          Reflect  .   (helmet restricted)
rElec   .          Harm     .   (no cloak)
rCorr   .          Rampage  .   (no gloves)
Will    .....                   (no boots)
Stlth   +.........              (no amulet)
HPRegen 0.19/turn               t - ring of protection from cold
MPRegen 0.15/turn               (no ring)

@: lethally poisoned (-1 -> -11), slowed, glowing, very slow
A: breathe steam, AC +6, unfitting armour, cold-blooded, steam resistance
a: Breathe Steam, Renounce Religion, Bend Time, Temporal Distortion, Slouch


You were on level 6 of the Dungeon.
You worshipped Cheibriados.
Cheibriados was greatly pleased with you.
You visited 1 branch of the dungeon, and saw 6 of its levels.
You also visited: Sewer.

You collected 133 gold pieces.

Inventory:

Hand Weapons
 u - a +2 war axe of flaming
Missiles
 b - 20 poisoned darts
 c - 102 stones
Armour
 d - a +0 buckler
 g - a +0 helmet
 o - an orb of light (worn)
Jewellery
 t - a ring of protection from cold (left hand)
Wands
 a - a wand of flame (12)
Scrolls
 e - 3 scrolls of teleportation
 h - a scroll of enchant armour {unknown}
 i - a scroll of blinking {unknown}
 j - a scroll of immolation {unknown}
 k - a scroll of identify
 m - a scroll of amnesia {unknown}
 p - 3 scrolls of magic mapping
 q - a scroll of summoning {unknown}
 r - a scroll of fear {unknown}
Potions
 f - a potion of lignification
 l - 2 potions of mutation {unknown}
 n - a potion of might {unknown}
 s - a potion of flight {unknown}


   Skills:
 + Level 0.5 Fighting
 + Level 0.2 Throwing
 * Level 3.3 Dodging
 + Level 3.5 Stealth
 + Level 0.3 Shields
 + Level 2.0 Unarmed Combat
 * Level 5.9 Spellcasting
 + Level 5.8 Conjurations
 * Level 1.8 Hexes
 + Level 0.2 Summonings
 + Level 0.3 Invocations
 + Level 1.0 Evocations


You had 6 spell levels left.
You knew the following spells:

 Your Spells              Type           Power      Damage    Failure   Level
a - Magic Dart            Conj           100%       1d8       1%          1
b - Searing Ray           Conj           84%        2d7       1%          2
c - Dazzling Flash        Conj/Hex       60%        N/A       3%          3
d - Call Imp              Summ           10%        N/A       8%          2
e - Fulminant Prism       Conj/Hex       15%        3d11      12%         4

Your spell library contained the following spells:

 Spells                   Type           Power      Damage    Failure   Level
 Foxfire                  Conj/Fire      100%       2x1d9     1%          1
 Conjure Flame            Conj/Fire      25%        6-21      4%          3
 Mephitic Cloud           Conj/Pois/Air  19%        N/A       8%          3
 Inner Flame              Hex/Fire       13%        N/A       12%         3
 Flame Wave               Conj/Fire      25%        2d6       17%         4
 Iskenderun's Mystic Bla  Conj/Tloc      25%        2d7       17%         4


Dungeon Overview and Level Annotations

Branches:
Dungeon (6/15)             Temple (0/1) D:4           Sewer (visited)

Altars:
Cheibriados
Dithmenos

Annotations:
D:5 Dowan


Innate Abilities, Weirdness & Mutations

You can breathe blasts of scalding, opaque steam.
Your pale cyan-grey scales are hard. (AC +6)
You cannot fit into any form of body armour.
You are cold-blooded and may be slowed by cold attacks.
You are immune to the effects of steam.


Message History

The searing ray hits the troll!
The troll is heavily wounded. (Press . to maintain the ray.)
The kobold brigand hits you with a +0 dagger.
The searing ray misses the kobold brigand.
The searing ray hits the troll!
The troll is severely wounded.
The kobold brigand closely misses you.
Casting: Searing Ray (safe; 1% risk of failure)
Confirm with . or Enter, or press ? or * to list all spells.
Casting: Dazzling Flash (dangerous; 3% risk of failure)
Press: ? - help, Dir - look around, f - activate The kobold brigand is dazzled.
You have got your breath back.
The troll completely misses you. The troll misses you. The troll claws you!
The kobold brigand barely misses you.
The kobold brigand hits you with a +0 dagger.
The troll bites you. The troll closely misses you.
The troll claws you but does no damage. The troll barely misses you. x3
The kobold brigand is no longer blind.
The troll bites you. The troll claws you! The troll misses you.
The kobold brigand barely misses you. The troll bites you.
The troll claws you but does no damage. The troll closely misses you.
The kobold brigand throws a curare-tipped dart.
The curare-tipped dart hits you.
You are poisoned.
You have difficulty breathing.
You feel yourself slow down. The troll barely misses you. x3
There is an open door here.
Casting: Dazzling Flash (dangerous; 3% risk of failure)
Confirm with . or Enter, or press ? or * to list all spells.
Casting: Dazzling Flash (dangerous; 3% risk of failure)
Press: ? - help, Dir - look around, f - activate The kobold brigand is dazzled.
You feel very sick. The troll barely misses you. The troll claws you!
* * * LOW HITPOINT WARNING * * *
The troll claws you!
You die...

######...#
#.###...#.># #...#
#.#.......## ....#
#.#.#...#.# ...##
#.#.#.#...# ....#
#...#.#.### ###
....#
#####.#.####..#
####...#.##....#
#.....##.#.....##
#.....@TK.......#
#.....##........#
#.....###.......###
#.....#
##........####
#.....#
##..........#
#.....#
###.........
#.....# ###.......
###### #####.. #


You could see a troll and a kobold brigand (blind).

Vanquished Creatures
  Sigmund (D:4)
  Eustachio (D:5)
  Duvessa (D:5)
  A black bear (D:6)
  A necrophage (D:4)
  2 kobold brigands (Sewer)
  A water moccasin skeleton (D:4)
  A jelly (D:6)
  A centaur skeleton (D:6)
  A hound (D:4)
  An orc wizard (D:5)
  9 adders
  A gnoll (D:4)
  2 river rats (Sewer)
  A white imp (D:6)
  An adder skeleton (D:4)
  2 dart slugs
  12 orcs
  10 ball pythons
  5 bats
  7 endoplasms
  5 giant cockroaches
  8 goblins
  5 hobgoblins
  8 jackals
  11 kobolds
  7 quokkas
  6 frilled lizards
  13 rats
125 creatures vanquished.

Vanquished Creatures (others)
  A fulminant prism (D:4)
1 creature vanquished.

Grand Total: 126 creatures vanquished

Notes
Turn   | Place    | Note
-------+----------+-------------------------------------------
     0 | D:1      | anonymouscript the Draconian Conjurer began the quest for
                  | the Orb.
     0 | D:1      | Reached XP level 1. HP: 14/14 MP: 3/3
     4 | D:1      | Noticed a naga
     4 | D:1      | Noticed a demigod
     6 | D:1      | Noticed a gargoyle
     8 | D:1      | Noticed a spriggan
     8 | D:1      | Noticed a vampire
    10 | D:1      | Noticed a ghoul
    12 | D:1      | Noticed a troll
    12 | D:1      | Noticed a human
    14 | D:1      | Noticed a demonspawn
    14 | D:1      | Noticed a dwarf
    16 | D:1      | Noticed a formicid
    16 | D:1      | Noticed a minotaur
    18 | D:1      | Noticed an ogre
    18 | D:1      | Noticed a felid
    20 | D:1      | Noticed a draconian
    22 | D:1      | Noticed an octopode
    22 | D:1      | Noticed a merfolk
    24 | D:1      | Noticed an elf
    24 | D:1      | Noticed a tengu
    26 | D:1      | Noticed a vine stalker
   251 | D:1      | Reached XP level 2. HP: 20/20 MP: 0/5
   609 | D:1      | Reached XP level 3. HP: 21/26 MP: 0/6
   680 | D:2      | Learned a level 2 spell: Searing Ray
   802 | D:2      | Found a faded altar of an unknown god.
   832 | D:2      | Prayed at the altar of an unknown god.
   832 | D:2      | Became a worshipper of Cheibriados the Contemplative
   832 | D:2      | Reached * piety under Cheibriados
   847 | D:2      | Learned a level 3 spell: Dazzling Flash
  1247 | D:2      | Reached ** piety under Cheibriados
  1269 | D:2      | Reached XP level 4. HP: 28/33 MP: 4/7
  1390 | D:2      | Learned a level 2 spell: Call Imp
  1639 | D:3      | Found a shadowy altar of Dithmenos.
  1707 | D:3      | Reached skill level 5 in Conjurations
  1823 | D:3      | Found a glowing drain.
  1870 | Sewer    | Entered a sewer
  1875 | Sewer    | Reached skill level 1 in Unarmed Combat
  2176 | Sewer    | Reached *** piety under Cheibriados
  2177 | Sewer    | Reached XP level 5. HP: 38/38 MP: 4/9
  2303 | Sewer    | Reached XP level 6. HP: 31/45 MP: 1/12
  2901 | D:3      | Learned a level 4 spell: Fulminant Prism
  3217 | D:4      | Reached **** piety under Cheibriados
  3378 | D:4      | Found a staircase to the Ecumenical Temple.
  3530 | D:4      | Noticed Sigmund
  3544 | D:4      | Killed Sigmund
  3545 | D:4      | Reached skill level 5 in Spellcasting
  3545 | D:4      | Reached skill level 1 in Hexes
  3545 | D:4      | Your scales start taking on a pale cyan-grey colour.
  3545 | D:4      | Reached XP level 7. HP: 47/50 MP: 2/14
  3545 | D:4      | Gained mutation: You are immune to the effects of steam.
                  | [Pale Draconian growth]
  4022 | D:5      | Entered Level 5 of the Dungeon
  4022 | D:5      | Noticed Eustachio
  4255 | D:5      | Killed Eustachio
  4319 | D:5      | Noticed Duvessa
  4321 | D:5      | Noticed Dowan
  4330 | D:5      | Killed Duvessa
  4331 | D:5      | Reached skill level 1 in Evocations
  5021 | D:6      | Reached XP level 8. HP: 58/58 MP: 6/16
  5187 | D:6      | Noticed a troll
  5202 | D:6      | Slain by a troll

Illustrated notes

Levels and vault maps discovered:
D:1:      kb_arrival_jail, layout_rooms, minmay_ruptured
D:2:      layout_basic, hellmonk_ecumenical_altar_lost_god
D:3:      layout_basic, lemuel_doored_altar, gup_sewer_entry_bowl,
          minmay_pentomino_pile
D:4:      minmay_inner_zag, layout_gridville, minmay_temple_entry_antechambers,
          uniq_sigmund
D:5:      layout_cave_pools, kennysheep_donut, minmay_misc_feat_x, minivault_24,
          chequers_hall_statues_wall_a, uniq_ijyb, uniq_eustachio,
          uniq_prince_ribbit1, uniq_duvessa
D:6:      kennysheep_spiral_hall, layout_basic, gammafunk_ghost_split,
          lightli_orcish_oven

Skill      XL: |  1  2  3  4  5  6  7 |
---------------+----------------------+-----
Dodging        | 2 3 |  3.3
Stealth        | 2 3 |  3.5
Conjurations   | 5 |  5.8
Unarmed Combat | 1 2 |  2.0
Spellcasting   | 3 4 5 |  5.9
Hexes          | 1 |  1.8
Evocations     | 1 |  1.0
Fighting       | |  0.5
Throwing       | |  0.2
Shields        | |  0.3
Summonings     | |  0.2
Invocations    | |  0.3

Action                   |  1- 3 |  4- 6 |  7- 9 || total
-------------------------+-------+-------+-------++-------
Melee: Unarmed           |    62 |    23 |    10 ||    95
       Punch             |     3 |       |       ||     3
       Tailslap          |     6 |     4 |     3 ||    13
Throw: Dart              |       |     2 |       ||     2
 Cast: Magic Dart        |    58 |    58 |    17 ||   133
       Searing Ray       |     3 |    20 |    17 ||    40
       Dazzling Flash    |       |       |     5 ||     5
       Call Imp          |       |       |     2 ||     2
       Fulminant Prism   |       |       |     1 ||     1
Invok: Bend Time         |       |     1 |     2 ||     3
 Abil: Breathe Steam     |       |       |     3 ||     3
Evoke: Wand              |       |     7 |     2 ||     9
  Use: Potion            |       |     2 |     2 ||     4
       Scroll            |       |     5 |     1 ||     6
 Stab: Sleeping          |       |     1 |       ||     1
Armor: Skin              |    28 |     8 |    10 ||    46
Dodge: Dodged            |    62 |    29 |    47 ||   138
Block: Buckler           |       |     3 |       ||     3

Table legend: (Time is in decaauts)
 A = Elapsed time spent in this place.
 B = Non-inter-level travel time spent in this place.
 C = Inter-level travel time spent in this place.
 D = Time resting spent in this place.
 E = Time spent auto-exploring this place.
 F = Levels seen in this place.
 G = Mean time per level.
                   A        B        C        D        E       F      G
               +--------+--------+--------+--------+--------+-----+--------+
         Total |   6512 |   6200 |    312 |    613 |   4030 |   7 |  930.3 |
       Dungeon |   5505 |   5193 |    312 |    613 |   3491 |   6 |  917.5 |
         Sewer |   1006 |   1006 |      0 |      0 |    538 |   1 | 1006.0 |
               +--------+--------+--------+--------+--------+-----+--------+

Top non-repeatable levels by time:
     D:4: 2159 daAuts
     D:2: 1115 daAuts
     D:3: 1034 daAuts
   Sewer: 1006 daAuts
     D:1: 674 daAuts
     D:6: 357 daAuts
     D:5: 164 daAuts
